 Dungeon Crawl Stone Soup version 0.20.1-1-g8b1a95d (webtiles) character file.

11753 Folque the Destroyer (level 11, 0/64 HPs)
             Began as an Octopode Wizard on Nov 20, 2017.
             Was a High Priest of Sif Muna.
             Slain by an unseen horror (8 damage)
             ... on level 10 of the Dungeon.
             The game lasted 01:10:34 (15941 turns).

Folque the Destroyer (Octopode Wizard)             Turns: 15941, Time: 01:10:34

Health: 0/64       AC:  2    Str: 11    XL:     11   Next: 82%
Magic:  21/25      EV: 16    Int: 23    God:    Sif Muna [*****.]
Gold:   483        SH:  0    Dex: 11    Spells: 16/30 levels left

rFire    . . .     SeeInvis .   l - +5 scimitar (curse)
rCold    . . .     Gourm    .   (no shield)
rNeg     . . .     Faith    .   a - +1 hat
rPois    .         Spirit   .   (no amulet)
rElec    .         Reflect  .   r - ring of wizardry
rCorr    .         Harm     .   F - ring of protection from magic
MR       +....                  J - +3 ring of evasion
Stlth    +++.......             T - ring of wizardry
Regen    0.2/turn               V - +4 ring of strength
MPRegen  0.2/turn               (no ring)
                                (no ring)
                                (no ring)

@: divine energy
A: almost no armour, stealthy swim, amphibious, 8 rings, constrict 8, camouflage
1, gelatinous body 1
a: Stop Divine Energy, Channel Magic, Forget Spell, Renounce Religion


You were on level 10 of the Dungeon.
You worshipped Sif Muna.
Sif Muna was extremely pleased with you.
You were not hungry.

You visited 3 branches of the dungeon, and saw 12 of its levels.
You also visited: Sewer.

You collected 483 gold pieces.

Inventory:

Hand Weapons
 l - a cursed +5 scimitar (weapon)
 w - a +2 dagger of draining
 z - a +0 blowgun
 C - a +6 club
 Q - a +2 hand axe of electrocution
Missiles
 A - 67 poisoned needles
Armour
 a - a +1 hat (worn)
Magical Staves
 E - an uncursed staff of conjuration
Jewellery
 r - a ring of wizardry (left tentacle)
 F - a ring of protection from magic (right tentacle)
 J - a +3 ring of evasion (on tentacle)
 T - a ring of wizardry (on tentacle)
 V - a +4 ring of strength (on tentacle)
Wands
 d - a wand of iceblast (0/15)
 g - a wand of iceblast (8/15)
 q - a wand of iceblast (5/15)
 x - a wand of confusion (8/48)
 B - a wand of lightning (11/15)
 L - a wand of confusion (10/48)
 P - a wand of iceblast (0/15)
 W - a wand of acid (6/15)
 Y - a wand of random effects (36/48)
Scrolls
 e - a scroll of fear {unknown}
 f - 9 scrolls of identify
 i - 3 scrolls of fog {unknown}
 k - a scroll of recharging
 n - 2 scrolls of teleportation
 o - a scroll of random uselessness {unknown}
 p - a scroll of magic mapping
 t - a scroll of noise {unknown}
 u - a scroll of enchant armour
 v - a scroll of immolation
 y - a scroll of enchant weapon {unknown}
 N - 3 scrolls of remove curse
 S - 2 scrolls of vulnerability {unknown}
Potions
 h - 3 potions of haste {unknown}
 m - a potion of flight {unknown}
 s - 3 potions of magic {unknown}
 D - 3 potions of brilliance {unknown}
 G - 5 potions of lignification {unknown}
 H - a potion of mutation {unknown}
 I - 2 potions of invisibility
 K - 3 potions of might {unknown}
 O - a potion of degeneration {unknown}
 Z - a potion of agility {unknown}
Books
 b - a book of Minor Magic

   Spells                             Type                      Level
   a - Magic Dart                     Conjuration                  1
   b - Blink                          Translocation                2
   c - Call Imp                       Summoning                    2
   d - Slow                           Hexes                        2
   e - Conjure Flame                  Conjuration/Fire             3
   f - Mephitic Cloud                 Conjuration/Poison/Air       3
 R - Boxuunn's Papyrus of Entrancing Conjuration
   (Sif Muna gifted it to you on level 10 of the Dungeon)

   Spells                             Type                      Level
   a - Shock                          Conjuration/Air              1
   b - Throw Frost                    Conjuration/Ice              2
   c - Throw Flame                    Conjuration/Fire             2
   d - Static Discharge               Conjuration/Air              3
   e - Fireball                       Conjuration/Fire             5
   f - Invisibility                   Hexes                        6
Comestibles
 c - 5 bread rations
 j - 2 meat rations
 M - 9 royal jellies
 U - 8 fruits


   Skills:
 - Level 2.1 Fighting
 - Level 2.0 Throwing
 - Level 2.0 Dodging
 - Level 2.6 Stealth
 - Level 10.0 Spellcasting
 - Level 13.5 Conjurations
 - Level 3.0 Summonings
 - Level 1.0 Translocations
 - Level 1.2 Fire Magic
 - Level 1.0 Air Magic
 - Level 4.0 Poison Magic
 * Level 2.0 Invocations


You had 16 spell levels left.
You knew the following spells:

 Your Spells              Type           Power        Failure   Level  Hunger
a - Magic Dart            Conj           ####         0%          1    None
b - Call Imp              Summ           ####....     1%          2    None
c - Blink                 Tloc           N/A          1%          2    None
d - Mephitic Cloud        Conj/Pois/Air  #####...     1%          3    None
e - Fireball              Conj/Fire      #####.....   2%          5    ####...
f - Shock                 Conj/Air       ####         1%          1    None


Dungeon Overview and Level Annotations

Branches:
Dungeon (10/15)            Temple (1/1) D:6            Lair (1/6) D:9
    Orc: D:9-12

Altars:
Ashenzari
Cheibriados
Dithmenos
Elyvilon
Fedhas
Gozag
Hepliaklqana
Kikubaaqudgha
Makhleb
Nemelex Xobeh
Okawaru
Qazlal
Ru
Sif Muna
Trog
Uskayaw
Vehumet
Xom
Yredelemnul
Zin
The Shining One

Shops:
D:9 }

Annotations:
D:7 Duvessa


Innate Abilities, Weirdness & Mutations

You cannot wear most types of armour.
You are very stealthy in the water. (Stealth+)
You are amphibious.
You can wear up to eight rings at the same time.
You can use your tentacles to constrict eight enemies at once.
Your skin changes colour to match your surroundings (Stealth+).
Your rubbery body absorbs attacks. (AC +1, EV +1)


Message History

Your Invocations skill increases to level 2!
K - 3 purple potions (gained 2)
Found a stone staircase leading up.
Deactivating autopickup; reactivate with Ctrl-A.
You slash something! Your squeeze misses something.
Something barely misses you. Something hits you! Something hits you!
Something hits you. Something hits you! x2
Something hits you.
Casting: Shock
Confirm with . or Enter, or press ? or * to list all spells.
You blink.
Something hits you!
* * * LOW HITPOINT WARNING * * *
Casting: Blink
Confirm with . or Enter, or press ? or * to list all spells.
You blink.
Something hits you!
* * * LOW HITPOINT WARNING * * *
Something hits you!
You die...

#.# ##########....
#.# ###.# #.# #..
#.# ### #.# #.#
#.# #.# ***** #@#
*,,,,
#.#######*****,***
#ยง.......,,,,*,*
#########***,*,*
*,*,* *,,,* *****


There were no monsters in sight!

Vanquished Creatures
  Pikel (D:7)
  Maurice (D:8)
  Joseph (D:7)
  A black mamba (Lair:1)
  2 spiny frogs (Lair:1)
  A rime drake (Lair:1)
  A komodo dragon (Lair:1)
  A troll (D:10)
  A queen bee (D:8)
  3 blink frogs (Lair:1)
  Prince Ribbit (Lair:1)
  A wraith (D:10)
  5 yaks
  A basilisk (Lair:1)
  5 water moccasins
  A porcupine (Lair:1)
  3 phantoms
  A slave (D:7)
  An ice beast (D:10)
  3 orc warriors
  6 sky beasts
  2 ogres
  A black bear (D:10)
  A necrophage (D:9)
  7 centaurs
  A big kobold (Sewer)
  13 bullfrogs
  3 scorpions
  24 killer bees
  A wight (D:10)
  3 howler monkeys
  2 crimson imps
  4 bullfrog zombies
  A jelly (D:6)
  A quasit (D:6)
  6 hounds
  3 orc priests
  A bullfrog skeleton (D:5)
  Terence (D:3)
  Ijyb (D:4)
  5 iguanas
  Natasha (thrice) (D:4)
  6 orc wizards
  9 worker ants
  3 hound skeletons
  2 river rats
  7 adders
  A shadow imp (D:9)
  3 oozes
  An adder skeleton (D:9)
  4 worms
  2 dart slugs
  4 leopard geckos
  36 orcs
  6 ball pythons
  5 giant cockroaches
  9 goblins
  5 hobgoblins
  6 jackals
  2 quokkas
  A ball python skeleton (D:5)
  3 bats
  6 frilled lizards
  A jackal skeleton (D:5)
  8 kobolds
  A leopard gecko skeleton (D:5)
  A quokka skeleton (D:7)
  10 rats
267 creatures vanquished.

Vanquished Creatures (collateral kills)
  A hydra (Lair:1)
  A two-headed ogre (D:9)
  Sigmund (D:2)
  Menkaure (D:4)
  A necrophage (D:9)
  2 centaurs
  2 big kobolds (Sewer)
  A bullfrog (D:7)
  A howler monkey (D:9)
  2 hounds
  2 centaur skeletons
  2 jellies
  7 adders
  An ooze (Sewer)
  5 worms
  A leopard gecko (D:3)
  5 orcs
  A ball python (Sewer)
  A hobgoblin (D:2)
  A kobold (Sewer)
  2 rats
41 creatures vanquished.

Vanquished Creatures (others)
  A slave (D:7)
  A water moccasin skeleton (D:7)
  Dowan (D:7)
  3 fungi (D:9)
6 creatures vanquished.

Grand Total: 314 creatures vanquished

Notes
Turn   | Place    | Note
-------+----------+-------------------------------------------
     0 | D:1      | Folque the Octopode Wizard began the quest for the Orb.
     0 | D:1      | Reached XP level 1. HP: 11/11 MP: 4/4
   243 | D:1      | Reached skill level 1 in Fighting
   314 | D:1      | Reached XP level 2. HP: 18/18 MP: 6/6
   443 | D:1      | Learned a level 2 spell: Call Imp
   454 | D:1      | Learned a level 2 spell: Blink
   702 | D:1      | Reached XP level 3. HP: 21/24 MP: 7/7
   707 | D:1      | Learned a level 3 spell: Mephitic Cloud
   831 | D:2      | Noticed Sigmund
  1059 | D:2      | Killed Sigmund
  1059 | D:2      | Reached skill level 2 in Conjurations
  1059 | D:2      | Reached XP level 4. HP: 18/29 MP: 2/9
  1059 | D:2      | Reached XP level 5. HP: 22/34 MP: 2/10
  1929 | D:3      | Noticed Terence
  1944 | D:3      | Killed Terence
  2065 | D:3      | Found a sparkling altar of Nemelex Xobeh.
  2066 | D:3      | Found an opulent altar of Gozag.
  2152 | D:3      | Reached XP level 6. HP: 35/39 MP: 9/12
  2200 | D:3      | Found a glowing drain.
  2206 | Sewer    | Entered a sewer
  2595 | Sewer    | Reached skill level 3 in Conjurations
  2808 | Sewer    | Reached skill level 4 in Conjurations
  2876 | Sewer    | Reached XP level 7. HP: 45/45 MP: 9/13
  4118 | D:4      | Noticed Natasha
  4123 | D:4      | Killed Natasha
  4222 | D:4      | Noticed Ijyb
  4239 | D:4      | Killed Ijyb
  4245 | D:4      | Reached skill level 1 in Throwing
  4355 | D:4      | Noticed Natasha
  4363 | D:4      | Killed Natasha
  4363 | D:4      | Reached skill level 5 in Conjurations
  4366 | D:4      | Reached skill level 5 in Spellcasting
  4400 | D:4      | Noticed Natasha
  4533 | D:4      | Reached XP level 8. HP: 50/50 MP: 8/15
  4540 | D:4      | Killed Natasha
  4633 | D:4      | Noticed Menkaure
  4666 | D:4      | Killed Menkaure
  4666 | D:4      | Reached skill level 6 in Conjurations
  5125 | D:5      | Entered Level 5 of the Dungeon
  6032 | D:5      | Reached skill level 7 in Conjurations
  6206 | D:5      | Found a sparkling altar of Nemelex Xobeh.
  6421 | D:6      | Found a radiant altar of Vehumet.
  6428 | D:6      | Found a white marble altar of Elyvilon.
  6428 | D:6      | Found a shattered altar of Ashenzari.
  6429 | D:6      | Found a snail-covered altar of Cheibriados.
  6495 | D:6      | Reached XP level 9. HP: 39/54 MP: 13/18
  6662 | D:6      | Reached skill level 8 in Conjurations
  6796 | D:6      | Found a staircase to the Ecumenical Temple.
  6883 | Temple   | Entered the Ecumenical Temple
  6896 | Temple   | Became a worshipper of Sif Muna the Loreminder
  7597 | D:7      | Noticed Joseph
  7618 | D:7      | Killed Joseph
  7618 | D:7      | Reached * piety under Sif Muna
  7618 | D:7      | Reached skill level 9 in Conjurations
  7879 | D:7      | Noticed Pikel
  7920 | D:7      | Killed Pikel
  7920 | D:7      | Reached skill level 10 in Conjurations
  7945 | D:7      | Noticed Duvessa
  8238 | D:7      | Killed Dowan
  8355 | D:7      | Reached XP level 10. HP: 50/60 MP: 13/21
  8984 | D:8      | Reached ** piety under Sif Muna
  9145 | D:8      | Reached skill level 11 in Conjurations
  9648 | D:8      | Noticed Maurice
  9902 | D:8      | Found a shimmering altar of Xom.
  9946 | D:8      | Killed Maurice
  9946 | D:8      | Reached *** piety under Sif Muna
 10985 | D:9      | Found Bauthihe's Gadget Shoppe.
 11298 | D:9      | Found a staircase to the Lair.
 11359 | D:9      | Reached skill level 12 in Conjurations
 11468 | D:9      | Noticed a two-headed ogre
 11519 | D:9      | Killed a two-headed ogre
 11856 | D:9      | Reached **** piety under Sif Muna
 12065 | D:9      | Reached XP level 11. HP: 50/64 MP: 19/24
 12817 | Lair:1   | Entered Level 1 of the Lair of Beasts
 12911 | Lair:1   | Found a hazy altar of Hepliaklqana.
 13220 | Lair:1   | Noticed Prince Ribbit
 13245 | Lair:1   | Killed Prince Ribbit
 13430 | Lair:1   | Reached skill level 13 in Conjurations
 13708 | Lair:1   | Noticed a six-headed hydra
 13786 | Lair:1   | Killed a six-headed hydra
 14473 | Lair:1   | Reached ***** piety under Sif Muna
 14652 | Lair:1   | HP: 2/64 [spiny frog (19)]
 14837 | D:10     | Entered Level 10 of the Dungeon
 15084 | D:10     | Received a gift from Sif Muna
 15085 | D:10     | Identified Boxuunn's Papyrus of Entrancing Conjuration (Sif Muna gifted it to you on level 10 of the Dungeon)
 15092 | D:10     | Learned a level 5 spell: Fireball
 15094 | D:10     | Learned a level 1 spell: Shock
 15210 | D:10     | Noticed a fire crab
 15295 | D:10     | Reached skill level 1 in Fire Magic
 15310 | D:10     | Reached skill level 1 in Air Magic
 15582 | D:10     | Reached skill level 10 in Spellcasting
 15661 | D:10     | Reached skill level 1 in Invocations
 15941 | D:10     | Slain by an unseen horror

Skill      XL: |  1  2  3  4  5  6  7  8  9 10 11 |
---------------+----------------------------------+-----
Fighting       | 1 2 |  2.1
Conjurations   | 2 4 5 7 10 12 13 | 13.5
Poison Magic   | 3 4 |  4.0
Spellcasting   | 4 5 6 7 9 10 | 10.0
Throwing       | 1 2 |  2.0
Summonings     | 3 |  3.0
Fire Magic     | 1 |  1.2
Air Magic      | 1 |  1.0
Invocations    | 2 |  2.0
Dodging        | |  2.0
Stealth        | |  2.6
Translocations | |  1.0

Action                   |  1- 3 |  4- 6 |  7- 9 | 10-12 || total
-------------------------+-------+-------+-------+-------++-------
Melee: Unarmed           |    16 |       |       |       ||    16
       Constrict         |    15 |    22 |    85 |    67 ||   189
       Tentacles         |    14 |    12 |    37 |    43 ||   106
       Dagger            |     2 |       |    52 |       ||    54
       Short sword       |    35 |    96 |    23 |       ||   154
       Club              |       |       |   243 |    97 ||   340
       Hand axe          |       |       |       |   183 ||   183
       Scimitar          |       |       |       |     6 ||     6
 Cast: Magic Dart        |     3 |     5 |    25 |    80 ||   113
       Call Imp          |     2 |    22 |    41 |    90 ||   155
       Mephitic Cloud    |     1 |     5 |    33 |    80 ||   119
       Blink             |       |     1 |    10 |    63 ||    74
       Shock             |       |       |       |    18 ||    18
       Fireball          |       |       |       |     9 ||     9
Invok: Divine Energy     |       |       |       |     1 ||     1
Evoke: Wand              |       |       |       |    13 ||    13
  Use: Scroll            |       |     4 |     4 |     6 ||    14
       Potion            |       |       |       |     7 ||     7
 Stab: Sleeping          |     7 |     4 |     5 |     2 ||    18
       Confused          |     1 |     6 |    10 |    29 ||    46
       Distracted        |       |       |     1 |     1 ||     2
  Eat: Chunk             |       |     7 |    17 |    17 ||    41
       Meat ration       |       |       |       |     2 ||     2
       Fruit             |       |       |       |     2 ||     2
Armor: Skin              |     5 |     4 |    23 |    14 ||    46
Dodge: Dodged            |    21 |    58 |   165 |   209 ||   453
       Rpst.: Scimitar   |       |       |       |     7 ||     7
